 Dungeon Crawl Stone Soup version 0.25-a0-492-g44cc58d (webtiles) character file.

Game seed: 579136523585050143, levelgen mode: deterministic

250 Faca the Ruffian (level 5, -1/54 HPs)
             Began as a Troll Fighter on Feb 11, 2020.
             Slain by an orc
             ... wielding a +0 club
              (3 damage)
             ... while paralysed by Ijyb
             ... on level 3 of the Dungeon.
             The game lasted 00:03:31 (1192 turns).

Faca the Ruffian (Troll Fighter)                    Turns: 1192, Time: 00:03:31

Health: -1/54      AC:  8    Str: 25    XL:     5   Next: 88%
Magic:  4/4        EV:  1    Int:  4    God:
Gold:   117        SH:  0    Dex:  9    Spells: 4/4 levels left

rFire    . . .     SeeInvis .     - Unarmed
rCold    . . .     Gourm    +   b - +0 kite shield
rNeg     . . .     Faith    .   o - +2 robe {MR+}
rPois    .         Spirit   .   (helmet restricted)
rElec    .         Reflect  .   (no cloak)
rCorr    .         Harm     .   (gloves unavailable)
MR       +....                  (boots unavailable)
Stlth    +.........             (no amulet)
HPRegen  0.58/turn              (no ring)
MPRegen  0.09/turn              (no ring)

@: paralysed
A: large, unfitting armour, claws 3, fast metabolism 3, gourmand, regeneration
1, shaggy fur 1, tough skin 3
a: no special abilities


You were on level 3 of the Dungeon.
You were very full.

You visited 1 branch of the dungeon, and saw 3 of its levels.

You collected 117 gold pieces.

Inventory:

Missiles
 a - 5 javelins
 j - 2 curare-tipped darts (quivered)
Armour
 b - a +0 kite shield (worn)
 o - a +2 robe of magic resistance (worn)
Scrolls
 e - 5 scrolls of remove curse {unknown}
 f - 2 scrolls of enchant weapon {unknown}
 i - a scroll of fear {unknown}
 n - 2 scrolls of identify {unknown}
Potions
 c - a potion of might
 g - a potion of magic {unknown}
 h - a potion of agility {unknown}
 k - a potion of heal wounds {unknown}
 l - a potion of brilliance {unknown}
 p - 3 potions of curing {unknown}
 q - 2 potions of flight {unknown}
Comestibles
 d - 4 rations


   Skills:
 + Level 4.2 Fighting
 - Level 2.4 Dodging
 - Level 2.4 Shields
 + Level 4.6 Unarmed Combat


You had 4 spell levels left.
You didn't know any spells.
Your spell library was empty.

Dungeon Overview and Level Annotations

Branches:
Dungeon (2/15)

Altars:

Annotations:
D:2 Natasha
D:3 Ijyb


Innate Abilities, Weirdness & Mutations

You are too large for most types of armour.
You have claws for hands.
Your metabolism is lightning-fast.
You like to eat raw meat.
Your natural rate of healing is unusually fast.
You are covered in fur. (AC +1)
You have extremely tough skin. (AC +3)


Message History

The orc priest hits you with a +0 short sword.
* * * LOW HITPOINT WARNING * * *
The orc barely misses you.
You scratch Ijyb but do no damage.
Ijyb is severely wounded.
Ijyb hits you but does no damage. You block the orc's attack.
The orc priest completely misses you. You block the orc priest's attack.
The orc completely misses you. Ijyb completely misses you.
You closely miss Ijyb.
Ijyb is severely wounded.
The orc hits you with a +0 dagger.
* * * LOW HITPOINT WARNING * * *
The orc priest hits you but does no damage.
The orc hits you but does no damage. The orc priest barely misses you.
Ijyb zaps a wand.
You suddenly lose the ability to move!
The orc hits you but does no damage.
The orc priest hits you with a +0 short sword.
* * * LOW HITPOINT WARNING * * *
The orc hits you with a +0 club.
You die...

...........##..........
.........†.##..........
.......................
......######...........
....#..... #.##.#####..
.#.....#...#.##.# #
...... ....)...# ......
........######## ....
.......o@go.....
.....##ooo...#.#
........bw..$...
#...###......... ....
.......... ...
#.......... #.....#....
#...#......


You could see Ijyb, a worm, 3 orc priests, 2 orcs and a bat.

Vanquished Creatures
  Sigmund (D:2)
  Robin (D:2)
  2 adders (D:2)
  An ooze (D:1)
  2 worms
  4 leopard geckos
  An orc (D:2)
  A ball python (D:1)
  13 goblins
  7 hobgoblins
  2 kobolds
  A quokka (D:3)
  A bat (D:1)
  11 frilled lizards
  3 rats (D:2)
51 creatures vanquished.

Notes
Turn   | Place    | Note
-------+----------+-------------------------------------------
     0 | D:1      | Faca the Troll Fighter began the quest for the Orb.
     0 | D:1      | Reached XP level 1. HP: 22/22 MP: 0/0
   416 | D:1      | Reached XP level 2. HP: 29/29 MP: 1/1
   704 | D:2      | Noticed Natasha
   704 | D:2      | Noticed Sigmund
   719 | D:2      | Reached XP level 3. HP: 37/37 MP: 2/2
   815 | D:2      | Killed Sigmund
   815 | D:2      | Reached XP level 4. HP: 31/48 MP: 3/3
   815 | D:2      | Reached XP level 5. HP: 35/54 MP: 4/4
   885 | D:2      | Noticed Robin
   910 | D:2      | Killed Robin
  1123 | D:2      | You fall into a shaft and drop 1 floor!
  1173 | D:3      | Noticed Ijyb
  1176 | D:3      | Paralysed by Ijyb for 2 turns
  1191 | D:3      | Paralysed by Ijyb for 2 turns
  1192 | D:3      | HP: 2/54 [orc priest/+0 short sword (3)]
  1192 | D:3      | Slain by an orc

Levels and vault maps discovered:
D:1:      minmay_arrival_widening_spiral_wide, layout_basic,
          grunt_decor_mini_mirrors, minmay_lizard_king
D:2:      layout_rooms, grunt_decor_fettered, uniq_natasha, uniq_robin,
          uniq_sigmund
D:3:      layout_basic, nemelex_xobeh_ov_fountains_minmay,
          chequers_ecumenical_altar_grove, minmay_vboxes, uniq_ijyb

Skill      XL: |  1  2  3 |
---------------+----------+-----
Fighting       | 3 4 |  4.2
Unarmed Combat | 4 |  4.6
Dodging        | |  2.4
Shields        | |  2.4

Action                   |  1- 3 |  4- 6 || total
-------------------------+-------+-------++-------
Melee: Unarmed           |    71 |    69 ||   140
 Stab: Sleeping          |     1 |       ||     1
  Eat: Chunk             |    13 |     3 ||    16
Armor: Robe              |    17 |    34 ||    51
Dodge: Dodged            |    12 |    20 ||    32
Block: Kite shield       |    18 |    40 ||    58

Table legend:
 A = Non-vault XP
 B = Vault XP
 C = Vault XP percentage of total XP
 D = Non-vault monster count
 E = Vault monster count
 F = Vault count percentage of total count
                 A         B        C        D         E       F
            +---------+---------+-------+---------+---------+-------
      Total |      87 |     271 |  75.7 |      29 |      22 |  43.1
            +---------+---------+-------+---------+---------+-------
        D:1 |      24 |      10 |  29.4 |      11 |       8 |  42.1
        D:2 |      54 |     261 |  82.9 |      15 |      14 |  48.3
        D:3 |       9 |       0 |   0.0 |       3 |       0 |   0.0
            +---------+---------+-------+---------+---------+-------
